AoeStats
← tbzachary

Golden Pit

503117920Analyzed
1v1 RM · 1mo ago on Aug 30, 2026· 24m 15s· 2 players
Game mode
Random Map
Map size
Tiny (2 player)
Population
200
Speed
Normal
Resources
Standard
Victory
Conquest
Starting age
Dark Age
Ending age
Imperial Age
RankedLock teamsTeams togetherTeam positionsShared explorationLock speedFull tech treeHidden civsTurbo modeCheats
Victory
Defeat
🇺🇸 Slavs · United States
726
+19
🇹🇼 Maya · Taiwan
782
-19
tbzachary
5:30 Loom
11:20 Feudal Age
12:08 Double-Bit Axe
12:59 Horse Collar
19:45 Castle Age
20:25 Forging
24:05 Scale Barding Armor
agj690306
10:53 Feudal Age
12:42 Double-Bit Axe
14:31 Wheelbarrow
16:40 Horse Collar
20:05 Castle Age
19:05 Stone Mining
21:20 Bow Saw
21:23 Gold Mining
Connection lost

Rejoining the realm…

Still unreachable

The connection could not be restored.

Session expired

The server has moved on; the page needs a fresh start.